 Dungeon Crawl Stone Soup version 0.25-a0-21-ga5a8db46c7 (webtiles) character file.

Game seed: 8914236709597290351, levelgen mode: deterministic

245 MalarOregon the Skirmisher (level 5, -8/46 HPs)
             Began as a Draconian Wizard on Oct 16, 2019.
             Killed from afar by Blork the orc (12 damage)
             ... with a puff of flame
             ... on level 4 of the Dungeon.
             The game lasted 00:10:10 (5701 turns).

MalarOregon the Skirmisher (Draconian Wizard)       Turns: 5701, Time: 00:10:10

Health: -8/46      AC:  5    Str:  9    XL:     5   Next: 83%
Magic:  0/9        EV: 13    Int: 19    God:
Gold:   237        SH:  0    Dex: 10    Spells: 2/10 levels left

rFire    . . .     SeeInvis .   c - +0 dagger
rCold    + . .     Gourm    .   (no shield)
rNeg     . . .     Faith    .   (armour unavailable)
rPois    .         Spirit   .   a - +0 hat
rElec    .         Reflect  .   (no cloak)
rCorr    .         Harm     .   (no gloves)
MR       .....                  (no boots)
Stlth    ++........             (no amulet)
HPRegen  0.15/turn              o - ring of protection from cold
MPRegen  0.11/turn              (no ring)

@: no status effects
A: unfitting armour, cold-blooded, AC +5
a: no special abilities


You were on level 4 of the Dungeon.
You were not hungry.

You visited 1 branch of the dungeon, and saw 4 of its levels.

You collected 237 gold pieces.

Inventory:

Hand Weapons
 c - a +0 dagger (weapon)
   (You took it off a goblin on level 1 of the Dungeon)
Armour
 a - a +0 hat (worn)
Jewellery
 o - a ring of protection from cold (left hand)
   (You found it on level 2 of the Dungeon)
Scrolls
 b - a scroll of remove curse {@r2}
 f - a scroll of teleportation {unknown}
 g - a scroll of immolation {!r}
 h - a scroll of magic mapping {unknown}
 i - a scroll of fear {unknown}
 j - a scroll of fog {unknown}
 k - 2 scrolls of amnesia
 l - a scroll of noise {unknown}
 n - a scroll of enchant weapon {unknown}
 p - 2 scrolls of identify {@r1}
Potions
 d - 2 potions of magic
 m - a potion of lignification {!q}
 q - a potion of curing {@q1}
 s - 2 potions of brilliance
 t - 2 potions of mutation {!q}
 u - a potion of ambrosia
Comestibles
 e - 4 rations {!d}
 r - 6 chunks of flesh


   Skills:
 + Level 4.3 Fighting
 + Level 4.1 Dodging
 - Level 1.7 Stealth
 - Level 3.0 Spellcasting
 - Level 1.0 Conjurations
 - Level 1.0 Summonings
 - Level 1.0 Translocations


You had 2 spell levels left.
You knew the following spells:

 Your Spells              Type           Power        Failure   Level  Hunger
a - Magic Dart            Conj           #...         10%         1    None
b - Blink                 Tloc           N/A          16%         2    ##.....
f - Mephitic Cloud        Conj/Pois/Air  #.......     36%         3    ###....
x - Call Imp              Summ           #.......     16%         2    ##.....

Your spell library contained the following spells:

 Spells                   Type           Power        Failure   Level  Hunger
 Slow                     Hex            #.......     22%         2    ##.....
 Conjure Flame            Conj/Fire      #.......     36%         3    ###....


Dungeon Overview and Level Annotations

Branches:
Dungeon (4/15)
 Temple: D:4-7

Altars:
Ashenzari
Fedhas
Kikubaaqudgha
Makhleb
Uskayaw

Annotations:
D:4 Blork the orc


Innate Abilities, Weirdness & Mutations

Your plain brown scales are hard. (AC +5)
You cannot fit into any form of body armour.
You are cold-blooded and may be slowed by cold attacks.


Message History

Aim: Blork the orc, wielding a +2 dire flail of protection, wearing a +0 robe and carrying a wand of flame (19) (noxious fumes, lightly wounded, confused)
Okay, then.
Aim: Blork the orc, wielding a +2 dire flail of protection, wearing a +0 robe and carrying a wand of flame (19) (noxious fumes, lightly wounded, confused)
The magic dart hits Blork the orc.
Blork the orc is engulfed in noxious fumes.
Blork the orc appears confused.
Blork the orc drinks a potion.
Blork the orc is healed!
Blork the orc seems less confused.
Aim: Blork the orc, wielding a +2 dire flail of protection, wearing a +0 robe and carrying a wand of flame (19) (noxious fumes)
The magic dart hits Blork the orc but does no damage.
Blork the orc is engulfed in noxious fumes.
Sorry, you're not good enough to have a special ability.
Firing (i - inventory) No suitable missiles.
Aim: Blork the orc, wielding a +2 dire flail of protection, wearing a +0 robe and carrying a wand of flame (19) (lightly wounded)
Okay, then.
A beastly little devil appears in a puff of frigid air.
Blork the orc zaps a wand.
The puff of flame hits you!
Blork the orc zaps a wand.
The puff of flame hits you.
* * * LOW HITPOINT WARNING * * *
Blork the orc zaps a wand.
The puff of flame hits your white imp!
Your white imp is burned terribly!
Your white imp gestures at Blork the orc.
The puff of frost hits Blork the orc.
Blork the orc zaps a wand.
The puff of flame hits your white imp!
Your white imp is burned terribly!
Your white imp dies!
A shadowy apparition takes form in the air.
Blork the orc casts a spell at you. The magic dart hits you!
* * * LOW HITPOINT WARNING * * *
You barely miss Blork the orc.
Blork the orc hits you with a +2 dire flail of protection.
* * * LOW HITPOINT WARNING * * *
Your shadow imp gestures at Blork the orc.
Blork the orc writhes in agony!
Blork the orc gestures at you while chanting.
The magic dart hits you.
* * * LOW HITPOINT WARNING * * *
Your shadow imp closely misses Blork the orc.
Aim: Blork the orc, wielding a +2 dire flail of protection, wearing a +0 robe and carrying a wand of flame (15) (heavily wounded)
The magic dart hits Blork the orc but does no damage.
Your shadow imp gestures at Blork the orc.
Blork the orc struggles to resist.
You closely miss Blork the orc.
Blork the orc points at you and mumbles some strange words.
The puff of flame hits you!
You die...

##รท#####.# ..
#.)# #.#
#..####)## #.#
#......##
########...#
...>.....#....#
........)####.#
.........# ..
#######@.# #
#o## # ##.# ...
##.5###...#
#.......#
#..###### #..#
#.# #.


You could see Blork the orc and a friendly shadow imp.

Vanquished Creatures
  2 hounds (D:3)
  A worker ant (D:4)
  8 adders
  A dart slug (D:2)
  2 leopard geckos
  10 orcs
  8 bats
  4 giant cockroaches
  10 goblins
  6 hobgoblins
  2 jackals (D:1)
  2 ball pythons
  2 frilled lizards (D:2)
  6 kobolds
  11 rats
75 creatures vanquished.

Vanquished Creatures (collateral kills)
  A worm (D:2)
  2 orcs (D:3)
3 creatures vanquished.

Grand Total: 78 creatures vanquished

Notes
Turn   | Place    | Note
-------+----------+-------------------------------------------
     0 | D:1      | MalarOregon the Draconian Wizard began the quest for the
                  | Orb.
     0 | D:1      | Reached XP level 1. HP: 14/14 MP: 4/4
   256 | D:1      | Reached skill level 1 in Fighting
   283 | D:1      | Reached XP level 2. HP: 19/23 MP: 0/6
   621 | D:1      | Found a shattered altar of Ashenzari.
  1391 | D:1      | Reached XP level 3. HP: 29/29 MP: 1/7
  1412 | D:1      | Learned a level 2 spell: Blink
  1415 | D:1      | Learned a level 2 spell: Call Imp
  1419 | D:1      | Learned a level 3 spell: Mephitic Cloud
  2107 | D:2      | Found an ancient bone altar of Kikubaaqudgha.
  2292 | D:2      | Found a blossoming altar of Fedhas.
  3039 | D:3      | HP: 1/45 [hound (4)]
  3041 | D:3      | Reached XP level 4. HP: 1/38 MP: 0/8
  3573 | D:3      | Found a hide-covered altar of Uskayaw.
  4249 | D:3      | Found a burning altar of Makhleb.
  4263 | D:3      | Reached XP level 5. HP: 30/45 MP: 9/9
  5685 | D:4      | Noticed Blork the orc
  5701 | D:4      | Killed from afar by Blork the orc

Levels and vault maps discovered:
D:1:      dpeg_arrival_solitude, layout_basic, evilmike_ruin_ashenzari
D:2:      layout_loops_ring, overflow_temple_1_default,
          nicolae_overflow_crystal_walls, serial_forest,
          infiniplex_forest_side_room, infiniplex_forest_diagonal,
          infiniplex_forest_clump_tiny, infiniplex_forest_end_3,
          infiniplex_forest_lined_1, fountainhead
D:3:      layout_basic, lemuel_coloured_pillars_altar, makhleb_heckhound_becter
D:4:      layout_rooms, yredelemnul_altar_generic, first_ration,
          minmay_misc_feat_ornament, uniq_edmund, uniq_blork_the_orc

Skill      XL: |  1  2  3  4  5 |
---------------+----------------+-----
Dodging        | 2 3 4 |  4.1
Fighting       | 1 2 3 4 |  4.3
Stealth        | |  1.7
Spellcasting   | |  3.0
Conjurations   | |  1.0
Summonings     | |  1.0
Translocations | |  1.0

Action                   |  1- 3 |  4- 6 || total
-------------------------+-------+-------++-------
Melee: Unarmed           |    55 |       ||    55
       Tailslap          |     7 |    13 ||    20
       Dagger            |    39 |   134 ||   173
 Cast: Magic Dart        |   101 |    85 ||   186
       Call Imp          |     1 |     3 ||     4
       Mephitic Cloud    |       |     1 ||     1
  Use: Scroll            |     5 |     4 ||     9
       Potion            |     1 |     1 ||     2
 Stab: Sleeping          |     3 |       ||     3
  Eat: Chunk             |     6 |     9 ||    15
Armor: Skin              |    32 |    27 ||    59
Dodge: Dodged            |    67 |   132 ||   199

Table legend:
 A = Non-vault XP
 B = Vault XP
 C = Vault XP percentage of total XP
 D = Non-vault monster count
 E = Vault monster count
 F = Vault count percentage of total count
                 A         B        C        D         E       F
            +---------+---------+-------+---------+---------+-------
      Total |     310 |      40 |  11.4 |      77 |       1 |   1.3
            +---------+---------+-------+---------+---------+-------
        D:1 |      41 |       0 |   0.0 |      24 |       0 |   0.0
        D:2 |      41 |       0 |   0.0 |      17 |       0 |   0.0
        D:3 |     124 |      40 |  24.4 |      25 |       1 |   3.8
        D:4 |     104 |       0 |   0.0 |      11 |       0 |   0.0
            +---------+---------+-------+---------+---------+-------
